 Dungeon Crawl Stone Soup version 0.32-a0-18-g89e19f1 (webtiles) character file.

Game seed: 9675920411760751710

102 Dorkslayer the Ducker (level 4, 0/31 HPs)
             Began as an Octopode Fighter on Jan 16, 2024.
             Slain by Grinder (2 damage)
             ... while paralysed by Grinder
             ... on level 3 of the Dungeon.
             The game lasted 00:07:45 (1950 turns).

Dorkslayer the Ducker (Octopode Fighter)            Turns: 1950, Time: 00:07:46

Health: 0/31       AC:  1    Str: 15    XL:     4   Next: 77%
Magic:  4/4        EV:  2    Int: 10    God:
Gold:   104        SH:  0    Dex: 25    Spells: 3/3 levels left

rFire   . . .        a - +0 long sword
rCold   . . .        b - +0 buckler
rNeg    + . .        (helmet restricted)
rPois   .            (no amulet)
rElec   .            d - ring of positive energy
rCorr   +            f - +6 ring of dexterity
SInv    .            j - ring of resist corrosion
Will    .....        n - ring of flight
Stlth   ++++         c - +6 ring of dexterity
HPRegen 0.25/turn    (no ring)
MPRegen 0.09/turn    (no ring)
                     (no ring)

%: no passive effects
@: paralysed, flying
A: almost no armour, amphibious, 8 rings, camouflage 1, gelatinous body 1,
(nimble swimmer 1), tentacles
a: no special abilities


You were on level 3 of the Dungeon.
You visited 1 branch of the dungeon, and saw 3 of its levels.

You collected 104 gold pieces.

Inventory:

Hand Weapons
 a - a +0 long sword (weapon)
Missiles
 h - 6 boomerangs (quivered)
Armour
 b - a +0 buckler (worn)
Jewellery
 c - a +6 ring of dexterity (on tentacle)
 d - a ring of positive energy (left tentacle)
 f - a +6 ring of dexterity (right tentacle)
 j - a ring of resist corrosion (on tentacle)
 n - a ring of flight (on tentacle)
Talismans
 l - a beast talisman
Wands
 o - a wand of flame (15)
Scrolls
 e - a scroll of vulnerability {unknown}
 i - a scroll of blinking
 m - a scroll of amnesia {unknown}
Potions
 g - 2 potions of heal wounds
 k - a potion of berserk rage {unknown}


   Skills:
 + Level 3.4 Fighting
 + Level 2.6 Long Blades
 + Level 0.8 Throwing
 * Level 3.6 Dodging
 + Level 2.1 Stealth
 + Level 3.1 Shields
 * Level 1.1 Evocations
 + Level 0.3 Shapeshifting


You had 3 spell levels left.
You didn't know any spells.
Your spell library contained the following spells:

 Spells                   Type           Power      Damage    Failure   Level
 Sandblast                Erth           0%         2d4       45%         1
 Passwall                 Erth           0%         N/A       83%         3
 Stone Arrow              Conj/Erth      0%         3d7       83%         3
 Brom's Barrelling Bould  Conj/Erth      0%         2d3       99%         4


Dungeon Overview and Level Annotations

Branches:
Dungeon (3/15)

Altars:

Shops:
D:1 *(

Annotations:
D:3 Grinder


Innate Abilities, Weirdness & Mutations

You cannot wear most types of armour.
You are amphibious.
You can wear up to eight rings at the same time.
Your skin changes colour to match your surroundings (Stealth+).
Your rubbery body absorbs attacks. (AC +1, EV +1)
((You are camouflaged when in or above water. (Stealth+)))
You have tentacles for arms and can constrict up to eight enemies at once.


Message History

You closely miss the kobold. Your grab misses the kobold.
The kobold hits you with a +0 dagger. You block the kobold's attack.
You slash the kobold!
You kill the kobold!
Things that are here:
a +0 dagger; 3 poisoned darts You reach down and open the door.
There is an open door here.
There is an open door here.
An adder and a goblin come into view.
The adder hisses angrily.
The goblin shouts!
The adder barely misses you. The adder misses you.
You hit the adder. You grab the adder.
The adder is moderately wounded.
You constrict the adder. You block the adder's attack.
You hit the adder. You squeeze the adder.
You kill the adder!
Your Evocations skill increases to level 1!
The goblin closely misses you.
You see here an adder corpse.
You barely miss the goblin. You grab the goblin. You constrict the goblin.
The goblin hits you with a +0 club.
You slash the goblin!
You kill the goblin!
You see here a +0 club.
You reach down and open the door.
There is an open door here.
Grinder comes into view.
You see here 17 gold pieces.
Grinder hits you!
You hit Grinder but do no damage. Your grab misses Grinder. Grinder hits you!
You writhe in agony.
Grinder gestures at you.
You suddenly lose the ability to move!
Grinder hits you. Grinder hits you!
* * * LOW HITPOINT WARNING * * *
You writhe in agony.
You die...
Grinder says, "Now the real fun starts!"

#............# #
#............# #
#............# #
###'###......# # #$#
#.#+#.## ## #.# #.#.#.#
#.
########.###.#.#.#####.
#.........## #.#.#.....
#.....@5...#+#.#.#.###.
#......................
#..............#.#####.
#########..............
#.......######.
#.......### #.
#.........## #.
#......##..####
#......###..#


You could see Grinder.

Vanquished Creatures
  Crazy Yiuf (D:2)
  3 adders
  A dart slug (D:1)
  2 ribbon worms (D:2)
  3 ball pythons
  4 endoplasms
  3 giant cockroaches
  3 hobgoblins
  4 quokkas
  4 bats
  A frilled lizard (D:2)
  6 goblins
  3 kobolds
  4 rats
42 creatures vanquished.

Notes
Turn   | Place    | Note
-------+----------+-------------------------------------------
     0 | D:1      | Dorkslayer the Octopode Fighter began the quest for the
                  | Orb.
     0 | D:1      | Reached XP level 1. HP: 16/16 MP: 1/1
   106 | D:1      | Found Hosagax's Weapon Shoppe.
   280 | D:1      | Found Woxzarin's General Store.
   311 | D:1      | Reached XP level 2. HP: 17/21 MP: 2/2
   964 | D:2      | Reached XP level 3. HP: 25/26 MP: 3/3
  1135 | D:2      | Found a faded altar of an unknown god.
  1295 | D:2      | Reached skill level 1 in Stealth
  1315 | D:2      | Found a runed translucent door.
  1316 | D:2      | Noticed Crazy Yiuf
  1323 | D:2      | Killed Crazy Yiuf
  1324 | D:2      | Reached XP level 4. HP: 16/31 MP: 4/4
  1922 | D:3      | Reached skill level 1 in Evocations
  1943 | D:3      | Noticed Grinder
  1948 | D:3      | Paralysed by Grinder for 4 turns
  1950 | D:3      | Slain by Grinder

Illustrated notes

Levels and vault maps discovered:
D:1:      heliophobic_arrival_ceremonial_halls, layout_loops_ring, serial_shops,
          nicolae_shop_tiny_glass, shop, minivault_27, hangedman_glass_teeth
D:2:      layout_loops_ring, basic_ecumenical_altar, hangedman_feature_mirror,
          kennysheep_generic_room_8, uniq_crazy_yiuf_cottage
D:3:      layout_basic, uniq_grinder, uniq_ijyb

Skill      XL: |  1  2  3  4 |
---------------+-------------+-----
Stealth        | 1 2 |  2.1
Evocations     | 1 |  1.1
Fighting       | |  3.4
Long Blades    | |  2.6
Throwing       | |  0.8
Dodging        | |  3.6
Shields        | |  3.1
Shapeshifting  | |  0.3

Action                     |  1- 3 |  4- 6 || total
---------------------------+-------+-------++-------
  Melee: Long sword        |    50 |    20 ||    70
         Tentacles         |    12 |     3 ||    15
         Constrict         |    11 |     5 ||    16
    Use: Scroll            |     4 |       ||     4
         Potion            |     1 |       ||     1
   Stab: Sleeping          |    11 |     4 ||    15
 Armour: Skin              |    15 |     9 ||    24
  Dodge: Dodged            |    19 |     7 ||    26
  Block: Buckler           |    10 |     5 ||    15

Table legend: (Time is in decaauts)
 A = Elapsed time spent in this place.
 B = Non-inter-level travel time spent in this place.
 C = Inter-level travel time spent in this place.
 D = Time resting spent in this place.
 E = Time spent auto-exploring this place.
 F = Levels seen in this place.
 G = Mean time per level.
                   A        B        C        D        E       F      G
               +--------+--------+--------+--------+--------+-----+--------+
         Total |   1970 |   1970 |      0 |      0 |   1128 |   3 |  656.7 |
       Dungeon |   1970 |   1970 |      0 |      0 |   1128 |   3 |  656.7 |
               +--------+--------+--------+--------+--------+-----+--------+

Top non-repeatable levels by time:
     D:1: 819 daAuts
     D:2: 799 daAuts
     D:3: 351 daAuts
